 Dungeon Crawl Stone Soup version 0.18.1-47-g9310371 (webtiles) character file.

212 KrisztiCat the Digger (level 5, -9/28 HPs)
             Began as a Gargoyle Earth Elementalist on June 18, 2016.
             Killed by divine providence
             ... invoked by an orc priest
              (11 damage)
             ... on level 3 of the Dungeon.
             The game lasted 00:15:25 (2477 turns).

KrisztiCat the Digger (Gargoyle Earth Elementalist) Turns: 2477, Time: 00:15:25

Health: -9/28      AC:  8    Str: 12    XL:     5   Next: 89%
Magic:  0/11       EV: 12    Int: 21    God:
Gold:   119        SH:  0    Dex: 10    Spells: 1 memorised, 12 levels left

rFire  . . .     SeeInvis .     i - +0 short sword
rCold  . . .     Gourm    .     a - +0 robe
rNeg   + . .     Faith    .     (no shield)
rPois  ∞         Spirit   .     h - +0 helmet
rElec  +         Dismiss  .     o - +0 cloak
rCorr  .         Reflect  .     (no gloves)
SustAt .         Harm     .     (no boots)
MR     .....                    (no amulet)
Stlth  ++........               (no ring)
                                (no ring)

@: brilliant, not resistant to hostile enchantments, unstealthy
A: negative energy resistance 1, electricity resistance, unbreathing,
petrification resistance, rot immunity, AC +4
a: no special abilities


You were on level 3 of the Dungeon.
You were not hungry.

You visited 1 branch of the dungeon, and saw 4 of its levels.

You collected 119 gold pieces.

Inventory:

Hand Weapons
 i - a +0 short sword (weapon)
Missiles
 b - 68 stones (quivered)
Armour
 a - a +0 robe (worn)
 h - a +0 helmet (worn)
 o - a +0 cloak (worn)
 p - a cursed -2 leather armour
Scrolls
 g - 3 scrolls of remove curse {unknown}
 j - 3 scrolls of identify {unknown}
 k - a scroll of enchant armour {unknown}
 m - 2 scrolls of enchant weapon {unknown}
 q - a scroll of noise {unknown}
Potions
 e - a potion of haste {unknown}
 l - 3 potions of brilliance
 n - a potion of cancellation {unknown}
 r - a potion of flight {unknown}
Books
 c - a book of Geomancy

   Spells                             Type                      Level
   a - Sandblast                      Earth                        1
   b - Passwall                       Transmutation/Earth          2
   c - Stone Arrow                    Conjuration/Earth            3
   d - Petrify                        Transmutation/Earth          4
   e - Lee's Rapid Deconstruction     Earth                        5
Comestibles
 d - 3 bread rations


   Skills:
 - Level 1.5 Dodging
 - Level 2.1 Stealth
 * Level 4.5 Spellcasting
   Level 0.7 Transmutations
 + Level 5.3 Earth Magic


You had 12 spell levels left.
You knew the following spells:

 Your Spells              Type           Power        Failure   Level  Hunger
a - Sandblast             Erth           #####.       1%          1    None


Dungeon Overview and Level Annotations

Branches:
Dungeon (4/15)
 Temple: D:4-7

Altars:
Gozag
Trog
Zin


Innate Abilities, Weirdness & Mutations

You are resistant to torment.
Your stone body is resilient (AC +4).
You are immune to poison.
You resist negative energy.
You are resistant to electric shocks.
You can survive without breathing.
You are immune to petrification.
You are immune to rotting.


Message History

The orc priest invokes the aid of Beogh against you.
Beogh smites you!
* * * LOW HITPOINT WARNING * * *
Wield which item (- for none, * to show all)? (? for menu, Esc to quit)
b - 68 stones (in hand) Wield which item (- for none, * to show all)? (? for menu, Esc to quit)
i - a +0 short sword (weapon)
The orc priest hits you with a dagger.
* * * LOW HITPOINT WARNING * * *
You barely miss the orc priest.
The orc priest is heavily wounded.
The orc priest mumbles some strange prayers to Beogh against you.
Pain shoots through your body!
* * * LOW HITPOINT WARNING * * *
Drink which item? (? for menu, Esc to quit)
It was a potion of brilliance.
You feel clever all of a sudden.
The orc priest mumbles some strange prayers to Beogh against you.
Beogh smites you!
You die...

#. #.....####.##.###
.##.### .....####.##.###
....o.. ......(.........
#...$ .... ####.##.#..
###....###.##.####.##.#.#
.......†..[...........#.#
###....#...##.####.#.....
#....#o#.##.........#.#
.......#@#.##..########.#
########.#.##..###...##.#
###.......##..........).
#.........##....#...##.#
#.........##....#...##.#
#.........##....#...##..
#.........###'###...##'#
#######'#.###.#####.....
#.#_........#.....


You could see an orc priest.

Vanquished Creatures
  An orc priest (D:3)
  4 gnolls (D:3)
  6 adders
  An ooze (D:2)
  3 worms
  3 dart slugs
  3 giant geckos
  2 orcs (D:3)
  2 ball pythons
  A giant cockroach (D:1)
  4 goblins
  3 hobgoblins
  10 jackals
  15 bats
  3 giant newts
  6 kobolds
  7 rats
74 creatures vanquished.

Notes
Turn   | Place    | Note
--------------------------------------------------------------
     0 | D:1      | KrisztiCat the Gargoyle Earth Elementalist began the quest for the Orb.
     0 | D:1      | Reached XP level 1. HP: 10/10 MP: 3/3
   428 | D:1      | Reached XP level 2. HP: 7/15 MP: 0/5
   674 | D:1      | Reached skill level 4 in Earth Magic
   874 | D:1      | Reached XP level 3. HP: 19/19 MP: 5/7
  1050 | D:2      | Found a glowing silver altar of Zin.
  1477 | D:2      | Reached XP level 4. HP: 22/24 MP: 3/8
  1531 | D:2      | Found a bloodstained altar of Trog.
  1975 | D:3      | Found an opulent altar of Gozag.
  2030 | D:3      | Reached skill level 5 in Earth Magic
  2030 | D:3      | Reached XP level 5. HP: 25/28 MP: 4/10
  2477 | D:3      | Killed from afar by an orc priest

Skill      XL: |  1  2  3  4  5 |
---------------+----------------+-----
Earth Magic    | 4 5 |  5.3
Spellcasting   | 3 4 |  4.5
Dodging        | |  1.5
Stealth        | |  2.1
Transmutations | |  0.7

Action                   |  1- 3 |  4- 6 || total
-------------------------+-------+-------++-------
Melee: Unarmed           |    26 |       ||    26
       Short sword       |    19 |    27 ||    46
 Cast: Sandblast         |    59 |    72 ||   131
  Use: Potion            |       |     1 ||     1
 Stab: Sleeping          |     1 |       ||     1
  Eat: Chunk             |     2 |     3 ||     5
Armor: Robe              |    32 |    20 ||    52
Dodge: Dodged            |    71 |    49 ||   120
